 Dungeon Crawl Stone Soup version 0.26.0-10-g1f06aea511 (webtiles) character file.

Game seed: 3122427788656289744

204 Borgoz the Skirmisher (level 5, -8/46 HPs)
             Began as a Ghoul Fighter on Jan 14, 2021.
             Mangled by an ogre
             ... wielding a +0 giant club
              (18 damage)
             ... on level 4 of the Dungeon.
             The game lasted 00:04:02 (3603 turns).

Borgoz the Skirmisher (Ghoul Fighter)               Turns: 3603, Time: 00:04:02

Health: -8/46      AC: 11    Str: 20    XL:     5   Next: 82%
Magic:  4/4        EV:  8    Int:  3    God:
Gold:   263        SH:  9    Dex:  9    Spells: 4/4 levels left

rFire    . . .     SeeInvis .   a - +0 long sword
rCold    + . .     Faith    .   c - +0 kite shield
rNeg     + + +     Spirit   .   t - +0 ring mail (curse)
rPois    ∞         Reflect  .   j - +0 helmet
rElec    .         Harm     .   (no cloak)
rCorr    .         Rampage  .   (no gloves)
Will     .....                  (no boots)
Stlth    ..........             (no amulet)
HPRegen  0.00/turn              q - +4 ring of protection
MPRegen  0.09/turn              (no ring)

@: no status effects
A: claws 1, cold resistance 1, negative energy resistance 3, inhibited
regeneration, torment resistance, unbreathing
a: no special abilities


You were on level 4 of the Dungeon.
You visited 1 branch of the dungeon, and saw 4 of its levels.

You collected 263 gold pieces.

Inventory:

Hand Weapons
 a - a +0 long sword (weapon)
Armour
 b - a +0 scale mail
 c - a +0 kite shield (worn)
 j - a +0 helmet (worn)
 t - a cursed +0 ring mail (worn)
Jewellery
 q - a +4 ring of protection (left claw)
Wands
 i - a wand of disintegration (13)
Scrolls
 g - 2 scrolls of magic mapping
 k - 2 scrolls of amnesia {unknown}
 l - a scroll of fear {unknown}
 m - 4 scrolls of teleportation
 n - 4 scrolls of remove curse {unknown}
 o - a scroll of enchant armour
 s - 2 scrolls of noise {unknown}
 u - 3 scrolls of identify
 v - 2 scrolls of fog {unknown}
Potions
 d - 3 potions of might
 e - 2 potions of lignification
 h - a potion of attraction
 p - a potion of resistance
 r - a potion of berserk rage


   Skills:
 + Level 3.9 Fighting
 * Level 3.2 Long Blades
 * Level 3.7 Armour
 + Level 1.6 Dodging
 + Level 3.2 Shields


You had 4 spell levels left.
You didn't know any spells.
Your spell library was empty.

Dungeon Overview and Level Annotations

Branches:
Dungeon (4/15)
 Temple: D:4-7

Altars:
Cheibriados
Dithmenos
Hepliaklqana
Trog


Innate Abilities, Weirdness & Mutations

You thrive by killing the living.
You are immune to poison.
You have sharp fingernails.
Your flesh is cold resistant. (rC+)
You are immune to negative energy. (rN+++)
You do not regenerate when monsters are visible.
You are immune to unholy pain and torment.
You can survive without breathing.


Message History

You are too injured to fight recklessly!
You are too injured to fight recklessly!
The quokka twitches its whiskers.
The quokka bites you. You block the quokka's attack.
You hit the quokka.
You kill the quokka!
You hit the ogre but do no damage. The ogre hits you with a +0 giant club!
* * * LOW HITPOINT WARNING * * *
You feel better. You block the ogre's attack.
You feel better. The ogre hits you with a +0 giant club.
* * * LOW HITPOINT WARNING * * *
You barely miss the ogre. You block the ogre's attack.
You hit the ogre.
The ogre is moderately wounded.
You block the ogre's attack.
You hit the ogre.
The ogre is moderately wounded.
The ogre hits you with a +0 giant club!!
You die...

################
#......O@......#
#.###.########.#
#.#§#......#.#
##§§.#####.#.#
#.#§#§#§#..#.#.#
#..§§§§§§..#.#.#
#.#§#§#.#...<#.# ## #
§§§#####.#.#########.
.#§#. #.............


You could see an ogre.

Vanquished Creatures
  A jelly (D:2)
  A worker ant (D:4)
  A gnoll (D:1)
  An adder (D:3)
  7 oozes (D:2)
  A worm (D:3)
  6 dart slugs
  4 orcs
  8 giant cockroaches
  7 goblins
  3 hobgoblins (D:2)
  2 jackals (D:3)
  4 quokkas
  A ball python (D:3)
  12 bats
  6 frilled lizards
  15 kobolds
  4 rats
84 creatures vanquished.

Vanquished Creatures (others)
  4 fungi (D:2)
  6 toadstools (D:2)
10 creatures vanquished.

Grand Total: 94 creatures vanquished

Notes
Turn   | Place    | Note
-------+----------+-------------------------------------------
     0 | D:1      | Borgoz the Ghoul Fighter began the quest for the Orb.
     0 | D:1      | Reached XP level 1. HP: 19/19 MP: 0/0
    54 | D:1      | Reached XP level 2. HP: 21/26 MP: 1/1
   946 | D:1      | Reached XP level 3. HP: 31/31 MP: 2/2
  1056 | D:2      | Found a snail-covered altar of Cheibriados.
  1312 | D:2      | Found a hazy altar of Hepliaklqana.
  1314 | D:2      | Found a bloodstained altar of Trog.
  1431 | D:2      | Reached XP level 4. HP: 36/38 MP: 3/3
  1595 | D:2      | Reached skill level 1 in Dodging
  1723 | D:2      | Reached XP level 5. HP: 16/46 MP: 4/4
  2575 | D:3      | Found a faded altar of an unknown god.
  3574 | D:4      | Found a shadowy altar of Dithmenos.
  3580 | D:4      | Noticed an ogre
  3603 | D:4      | Mangled by an ogre

Illustrated notes

Levels and vault maps discovered:
D:1:      psy_arrival_radial02, layout_loops_corners, minivault_27
D:2:      cheibrodos_fertilizer, layout_rooms, kennysheep_slug_shrine,
          chequers_temple_overflow_statue_of_worship
D:3:      layout_basic, chequers_ecumenical_altar_simple_redux
D:4:      layout_basic, grunt_dithmenos_smoke_and_mirrors,
          kennysheep_opposing_triangles, uniq_duvessa

Skill      XL: |  1  2  3  4  5 |
---------------+----------------+-----
Long Blades    | 2 3 |  3.2
Armour         | 3 |  3.7
Shields        | 3 |  3.2
Dodging        | 1 |  1.6
Fighting       | |  3.9

Action                   |  1- 3 |  4- 6 || total
-------------------------+-------+-------++-------
Melee: Long sword        |   128 |   185 ||   313
  Use: Potion            |     1 |     2 ||     3
       Scroll            |       |     7 ||     7
Armor: Scale mail        |   166 |    67 ||   233
       Ring mail         |       |    23 ||    23
Dodge: Dodged            |    71 |    81 ||   152
Block: Kite shield       |   111 |    95 ||   206
       Rpst.: Long sword |    23 |    28 ||    51
